 Dungeon Crawl Stone Soup version 0.17.1-2-g5865329 (webtiles) character file.

4896 abixa the Carver (level 10, -1/81 HPs)
             Began as a Demigod Skald on Jan 9, 2016.
             Succumbed to a killer bee's poison
             ... on level 8 of the Dungeon on Jan 10, 2016.
             The game lasted 00:54:36 (14733 turns).

abixa the Carver (Demigod Skald)                   Turns: 14733, Time: 00:54:36

Health: -1/81      AC: 10    Str: 15    XL:     10   Next: 6%
Magic:  3/18       EV: 13    Int: 22    God:
Gold:   490        SH:  0    Dex: 15    Spells: 6 memorised, 4 levels left

rFire  . . .     SeeInvis .     E - +0 scimitar
rCold  . . .     Clarity  .     w - -1 leather armour (curse)
rNeg   . . .     SustAt   +     (no shield)
rPois  .         Gourm    .     W - +0 helmet
rElec  .         Spirit   .     z - +0 cloak
rCorr  .         Warding  .     T - +2 pair of gloves
rMut   .         Stasis   .     (no boots)
MR     ++...                    (no amulet)
Stlth  +.........               y - +2 ring of protection
                                v - ring of protection from magic

@: lethally poisoned (-1 -> -10), very resistant to hostile enchantments, very
unstealthy
A: high mp 1, sustain attributes
a: no special abilities


You were on level 8 of the Dungeon.
You were near starving.

You visited 1 branch of the dungeon, and saw 9 of its levels.
You also visited: Sewer.

You collected 490 gold pieces.

Inventory:

Hand Weapons
 a - a +0 falchion
 A - a +0 greatsling
 E - a +0 scimitar (weapon)
 K - a +0 halberd
Missiles
 f - 254 stones (quivered)
 k - 128 sling bullets
 L - 11 steel sling bullets
 N - 4 tomahawks
 P - 2 throwing nets
 U - 3 javelins
Armour
 b - the +4 chain mail of the Lute {rElec rC- MR+, unknown}
   (You found it on level 9 of the Dungeon)

   It makes you vulnerable to cold.
   It insulates you from electricity.
   It affects your resistance to hostile enchantments.
 t - a +0 ring mail
 w - a cursed -1 leather armour (worn)
 z - a +0 cloak (worn)
 T - a +2 pair of gloves (worn)
 W - a +0 helmet (worn)
 X - a cursed -2 chain mail
Jewellery
 v - a ring of protection from magic (left hand)
 y - a +2 ring of protection (right hand)
Scrolls
 e - 6 scrolls of recharging
 g - 2 scrolls of fog
 i - 2 scrolls of teleportation
 m - 3 scrolls of fear {unknown}
 n - 4 scrolls of enchant weapon {unknown}
 o - 3 scrolls of enchant armour {unknown}
 s - 3 scrolls of remove curse {unknown}
 B - a scroll of blinking {unknown}
 I - a scroll of acquirement {unknown}
 J - 3 scrolls of random uselessness {unknown}
 M - 2 scrolls of immolation {unknown}
 O - a scroll of magic mapping {unknown}
 V - a scroll of amnesia {unknown}
Potions
 h - 3 potions of brilliance
 j - 4 potions of invisibility {unknown}
 p - 5 potions of might
 r - 5 potions of magic
 u - a potion of experience {unknown}
 x - 2 potions of curing
 D - 6 potions of flight
 F - 2 potions of poison {unknown}
 H - a potion of resistance {unknown}
 S - a potion of heal wounds {unknown}
 Y - 2 potions of haste {unknown}
Books
 c - a book of Battle

   Spells                             Type                      Level
   a - Infusion                       Charms                       1
   b - Shroud of Golubria             Charms/Translocation         2
   c - Song of Slaying                Charms                       2
   d - Spectral Weapon                Hexes/Charms                 3
   e - Regeneration                   Charms/Necromancy            3
 G - a book of Maledictions

   Spells                             Type                      Level
   a - Corona                         Hexes                        1
   b - Ensorcelled Hibernation        Hexes/Ice                    2
   c - Confuse                        Hexes                        3
   d - Tukima's Dance                 Hexes                        3
   e - Dazzling Spray                 Conjuration/Hexes            3
 R - a book of Debilitation

   Spells                             Type                      Level
   a - Corona                         Hexes                        1
   b - Slow                           Hexes                        2
   c - Gell's Gravitas                Hexes/Translocation          3
   d - Inner Flame                    Hexes/Fire                   3
   e - Cause Fear                     Hexes                        4
   f - Leda's Liquefaction            Hexes/Earth                  4
Comestibles
 d - 8 bread rations
 l - a slice of pizza
 q - 2 meat rations
 C - 16 fruits


   Skills:
 + Level 5.3 Fighting
 + Level 8.9 Long Blades
 + Level 4.2 Armour
 + Level 4.0 Dodging
 + Level 3.2 Spellcasting
 + Level 4.0 Hexes
 + Level 4.0 Charms
 + Level 4.0 Translocations


You had 4 spell levels left.
You knew the following spells:

 Your Spells              Type           Power        Failure   Level  Hunger
a - Infusion              Chrm           ###...       3%          1    None
b - Song of Slaying       Chrm           ###.....     6%          2    ##.....
c - Shroud of Golubria    Chrm/Tloc      ###.......   6%          2    ##.....
d - Corona                Hex            ###....      3%          1    None
e - Spectral Weapon       Hex/Chrm       ###.....     12%         3    ###....
f - Slow                  Hex            ###.....     6%          2    ##.....


Dungeon Overview and Level Annotations

Branches:
Dungeon (9/15)             Temple (0/1) D:6
   Lair: D:8-11         Orc: D:9-12

Annotations:
D:3 Vallenta's ghost, amateur DsGl
D:7 Joseph


Innate Abilities, Weirdness & Mutations

You have an increased reservoir of magic (+10% MP).
Your attributes are resistant to harm.


Message History

Your surroundings suddenly seem different.
You feel sick.
Your magical contamination has completely faded away.
An adder and an ice beast come into view.
You feel sick. The adder completely misses you.
The adder bites you but does no damage.
You feel sick. The adder barely misses you.
The adder bites you but does no damage.
You feel sick. The adder misses you.
The killer bee buzzes angrily.
There is an open door here.
You feel sick.
You feel sick. The adder bites you but does no damage.
There is a stone staircase leading up here.
The adder barely misses you. The killer bee stings you.
* * * LOW HITPOINT WARNING * * *
You are more poisoned.
The killer bee poisons you!
You climb upwards.
You die...

#.#################)# #.# #.#
######.# #.# #......# #.# #......#
####'######### #......#
#............#
#......##############............#
......†..........................#
.................@S..............#
.................................#
.................................#
.................................#
........................######'###
........................######.#
............................##.#
............................##.#
............................##.#


You could see an adder.

Vanquished Creatures
  A two-headed ogre (D:7)
  4 yaks (D:9)
  A hippogriff (D:8)
  A basilisk (D:9)
  A sky beast (D:5)
  3 ice beasts
  2 phantoms
  6 ogres
  2 centaurs
  3 orc warriors
  A wasp (D:9)
  A big kobold (D:7)
  6 giant frogs
  A gnoll sergeant (D:5)
  10 killer bees
  3 crimson imps
  4 hounds
  4 orc priests
  Ijyb (D:2)
  3 centaur skeletons
  9 worker ants
  6 orc wizards
  2 iguanas
  A hound skeleton (D:8)
  15 gnolls
  7 adders
  2 shadow imps (D:6)
  5 oozes
  An adder zombie (D:5)
  9 worms
  12 giant geckos
  23 orcs
  2 ball pythons (D:4)
  15 bats
  9 goblins
  8 hobgoblins
  17 jackals
  15 kobolds
  4 quokkas
  12 giant cockroaches
  8 giant newts
  12 rats
  A spectral orc (D:4)
253 creatures vanquished.

Vanquished Creatures (others)
  4 spectral weapons
4 creatures vanquished.

Grand Total: 257 creatures vanquished

Notes
Turn   | Place    | Note
--------------------------------------------------------------
     0 | D:1      | abixa the Demigod Skald began the quest for the Orb.
     0 | D:1      | Reached XP level 1. HP: 17/17 MP: 5/5
    16 | D:1      | Reached XP level 2. HP: 5/24 MP: 2/7
   276 | D:1      | Reached skill level 3 in Long Blades
   537 | D:1      | Reached XP level 3. HP: 22/29 MP: 2/8
  1264 | D:2      | Reached skill level 4 in Long Blades
  1378 | D:2      | Reached skill level 1 in Dodging
  1378 | D:2      | Reached XP level 4. HP: 31/36 MP: 3/9
  1959 | D:2      | Noticed Ijyb
  1986 | D:2      | Killed Ijyb
  1986 | D:2      | Reached skill level 1 in Armour
  2241 | D:3      | Noticed Vallenta's ghost (amateur DsGl)
  2546 | D:3      | Learned a level 2 spell: Song of Slaying
  2549 | D:3      | Learned a level 2 spell: Shroud of Golubria
  2608 | D:3      | Found a glowing golden altar of the Shining One.
  2814 | D:3      | Found a faded altar to an unknown god.
  2972 | D:3      | Reached XP level 5. HP: 36/41 MP: 5/10
  3717 | D:4      | Found a blossoming altar of Fedhas.
  3795 | D:4      | Noticed an ogre
  3826 | D:4      | Reached skill level 5 in Long Blades
  3830 | D:4      | Killed an ogre
  3830 | D:4      | Reached XP level 6. HP: 40/48 MP: 3/11
  3895 | D:4      | Found a basalt altar of Yredelemnul.
  3905 | D:4      | Found a sparkling altar of Nemelex Xobeh.
  4017 | D:4      | Found a glowing drain.
  4024 | Sewer    | Entered a sewer
  5772 | D:4      | Found a shadowy altar of Dithmenos.
  6091 | D:5      | Entered Level 5 of the Dungeon
  6287 | D:5      | Reached skill level 6 in Long Blades
  6498 | D:5      | Reached XP level 7. HP: 38/56 MP: 5/13
  7449 | D:5      | Found a radiant altar of Vehumet.
  8740 | D:6      | Found an opulent altar of Gozag.
  8849 | D:6      | Found a shattered altar of Ashenzari.
  8935 | D:6      | Found a staircase to the Ecumenical Temple.
  9295 | D:6      | Learned a level 1 spell: Corona
  9299 | D:6      | Learned a level 3 spell: Spectral Weapon
  9302 | D:6      | Learned a level 2 spell: Slow
  9450 | D:7      | Reached XP level 8. HP: 45/63 MP: 12/15
  9563 | D:7      | Found an iron altar of Okawaru.
  9621 | D:7      | Noticed Joseph
 10054 | D:7      | Reached skill level 1 in Hexes
 10259 | D:7      | Noticed a two-headed ogre
 10371 | D:7      | Killed a two-headed ogre
 10766 | D:8      | Upgraded the game from 0.17.1-1-g73c8601 to 0.17.1-2-g5865329
 10805 | D:8      | Reached skill level 7 in Long Blades
 11037 | D:8      | Reached skill level 1 in Translocations
 11229 | D:7      | Reached XP level 9. HP: 21/71 MP: 13/17
 12337 | D:8      | Reached skill level 8 in Long Blades
 12367 | D:8      | HP: 2/71 [killer bee (5)]
 13083 | D:8      | Found a blossoming altar of Fedhas.
 13428 | D:9      | Got an ichor-stained chain mail
 14207 | D:9      | Reached skill level 5 in Fighting
 14380 | D:9      | Reached XP level 10. HP: 40/81 MP: 18/18
 14731 | D:9      | HP: 4/81 [poisoned by a killer bee]
 14732 | D:9      | HP: 1/81 [killer bee (4)]
 14733 | D:8      | Succumbed to a killer bee's poison

Action                   |  1- 3 |  4- 6 |  7- 9 | 10-12 || total
-------------------------+-------+-------+-------+-------++-------
Melee: Falchion          |   108 |   312 |   541 |       ||   961
       Scimitar          |       |       |    77 |    35 ||   112
 Fire: Hunting sling     |       |    12 |       |       ||    12
Throw: Stone             |    14 |     5 |     6 |       ||    25
 Cast: Infusion          |    20 |    26 |    51 |     3 ||   100
       Shroud of Golubri |       |     1 |     6 |     2 ||     9
       Spectral Weapon   |       |       |    12 |     2 ||    14
       Corona            |       |       |     2 |       ||     2
       Song of Slaying   |       |       |     1 |       ||     1
Evoke: Wand              |       |       |     9 |       ||     9
  Use: Scroll            |       |     5 |     6 |     1 ||    12
       Potion            |       |     2 |     2 |       ||     4
 Stab: Confused          |       |       |     1 |       ||     1
       Distracted        |       |       |     2 |       ||     2
       Sleeping          |       |       |     1 |       ||     1
  Eat: Chunk             |     2 |    17 |    21 |       ||    40
       Fruit             |       |       |     6 |     1 ||     7
